Map: Submarine LE

Players

Cham

  • Race: Zerg Zerg
  • League: Grandmaster
  • Spawn Location: 5:00

Kelazhur - Winner!

  • Race: Terran Terran
  • Spawn Location: 11:00

Event: DreamHack SC2 Masters 2020 Winter

VOD

Have the link to the VOD?

Description

Time

  • Played on: Oct. 21, 2020, 4:31 p.m.
  • Length: 10:42

All games in this series

Show
View Real Time Build Order
Export as new Build Order

Cham Zerg 

Build Orders: Hatch First 

Get SALT Encoding   

  12  0:00  Drone  
  13  0:08  Drone  
  14  0:16  Overlord  
  14  0:35  Drone  
  14  0:36  Drone  
  16  0:48  Hatchery  
  15  0:53  Drone  
  16  0:57  Drone  
  16  1:00  Drone  
  18  1:12  Extractor  
  18  1:16  Spawning Pool  
  16  1:19  Drone  
  16  1:23  Drone  
  18  1:29  Drone  
  19  1:40  Drone  
  20  1:50  Overlord  
  20  2:03  Queen x2  
  20  2:04  Zergling x4  
  26  2:11  Drone  
  26  2:13  Drone  
  26  2:15  Metabolic Boost  
  28  2:23  Drone  
  28  2:43  Hatchery  
  26  2:44  Drone x2  
  26  2:49  Queen  
  29  2:53  Drone  
  30  3:00  Drone x3  
  30  3:01  Drone  
  34  3:05  Overlord  
  34  3:11  Drone  
  35  3:22  Overlord, Roach Warren, Extractor  
  35  3:26  Spore Crawler  
  32  3:30  Drone x3  
  36  3:36  Queen  
  36  3:39  Zergling x2  
  36  3:40  Zergling x2  
  40  3:48  Overlord  
  40  4:02  Roach x5  
  50  4:05  Roach  
  50  4:07  Roach  
  54  4:10  Roach  
  54  4:15  Roach  
  60  4:17  Roach  
  62  4:24  Roach  
  62  4:30  Zergling x2, Roach  
  65  4:33  Overlord  
  65  4:38  Overlord  
  65  4:47  Overlord  
  65  4:48  Overlord  
  65  4:54  Ravager x2  
  65  4:55  Zergling x6  
  65  4:56  Zergling x4  
  73  5:00  Zergling x2  
  73  5:04  Ravager  
  71  5:07  Zergling x2  
  71  5:08  Zergling x6  
  71  5:11  Roach  
  77  5:18  Ravager  
  78  5:21  Zergling x4  
  77  5:33  Ravager  
  77  5:35  Zergling x16  
  81  5:46  Ravager  
  81  5:53  Zergling x2  
  75  5:58  Zergling x10  
  75  6:00  Zergling x2  
  75  6:02  Zergling x2  
  74  6:05  Ravager  
  74  6:08  Zergling x2  
  74  6:10  Zergling x2  
  77  6:13  Zergling x6  
  77  6:15  Zergling x2  
  81  6:19  Zergling x2  
  77  6:27  Zergling x2  
  77  6:31  Zergling x2  
  72  6:34  Zergling x8  
  59  6:48  Drone x9  
  59  6:49  Drone x3  
  70  6:58  Drone x3  
  70  7:01  Drone  
  73  7:04  Lair  
  73  7:06  Drone  
  70  7:11  Drone  
  70  7:12  Drone x2  
  73  7:18  Evolution Chamber  
  73  7:19  Evolution Chamber  
  73  7:20  Drone x3  
  73  7:21  Drone  
  75  7:24  Overlord  
  75  7:29  Roach x2  
  79  7:32  Extractor  
  79  7:34  Extractor  
  79  7:35  Roach x2  
  81  7:38  Overlord  
  81  7:44  Zerg Missile Weapons Level 1, Zerg Ground Armor Level 1  
  81  7:45  Drone x2  
  81  7:48  Roach  
  81  7:50  Roach  
  81  7:51  Roach  
  89  7:55  Overlord x2  
  89  8:01  Glial Reconstitution  
  89  8:03  Roach x2  
  93  8:08  Extractor  
  93  8:09  Drone x3  
  93  8:10  Roach  
  93  8:11  Overlord  
  97  8:17  Drone  
  97  8:18  Roach x3  
  104  8:21  Roach  
  104  8:24  Overlord  
  104  8:25  Overseer  
  106  8:29  Roach x2  
  106  8:32  Overlord  
  110  8:36  Roach x2  
  110  8:40  Overlord  
  114  8:42  Roach  
  114  8:44  Roach  
  114  8:46  Overlord  
  118  8:51  Roach x2  
  118  8:53  Overlord  
  122  8:59  Roach x2  
  122  9:00  Roach  
  128  9:06  Roach x3  
  134  9:15  Roach x5  
  144  9:18  Overlord  
  144  9:21  Overlord  
  144  9:22  Zergling x2  
  145  9:24  Zergling x4  
  145  9:26  Ravager x4  
  145  9:29  Ravager  
  145  9:30  Ravager  
  145  9:31  Zergling x4  
  155  9:32  Zergling x2  
  155  9:34  Zergling x2  
  155  9:35  Zergling x2  
  155  9:36  Zergling x2  
  159  9:41  Zergling x6  
  159  9:44  Ravager x2  
  159  9:45  Roach x2  
  160  9:48  Roach  
  115  10:09  Roach x8  
  115  10:11  Zergling x4  
  115  10:12  Zergling x2  
  125  10:18  Zergling x6, Ravager  
  129  10:23  Roach  
Show
View Real Time Build Order
Export as new Build Order

Kelazhur Terran - Winner!

Build Orders: Reaper Expand 

Get SALT Encoding   

  12  0:00  SCV  
  13  0:12  SCV  
  14  0:17  Supply Depot  
  14  0:24  SCV  
  15  0:38  SCV  
  15  0:39  Barracks  
  16  0:43  Refinery  
  16  0:50  SCV  
  17  1:02  SCV  
  18  1:15  SCV  
  19  1:27  Reaper, Orbital Command  
  20  1:37  Command Center  
  20  1:45  Supply Depot  
  20  1:52  SCV  
  21  1:58  Marine  
  22  2:02  Factory  
  22  2:04  SCV  
  23  2:11  Refinery  
  23  2:16  SCV  
  23  2:20  Barracks Reactor  
  24  2:28  SCV  
  24  2:29  Barracks  
  25  2:41  SCV  
  26  2:49  Orbital Command  
  26  2:53  SCV  
  27  3:05  SCV  
  28  3:07  Starport  
  28  3:08  Hellion x2, Barracks Tech Lab  
  32  3:16  SCV  
  32  3:17  SCV  
  34  3:28  SCV, Marine  
  34  3:31  Stimpack  
  34  3:32  SCV  
  37  3:38  Factory Reactor  
  37  3:40  SCV  
  38  3:43  Marine  
  38  3:44  Marine  
  38  3:45  SCV  
  38  3:46  Marine  
  42  3:49  Supply Depot  
  42  3:50  Supply Depot  
  42  3:52  Starport Reactor  
  42  3:53  SCV  
  43  3:57  SCV  
  43  4:01  Marine x2  
  46  4:11  SCV x2, Marine  
  46  4:12  Supply Depot  
  46  4:15  Hellion x2  
  53  4:19  Marine x2  
  53  4:20  Armory  
  53  4:23  SCV x2  
  57  4:28  Marine  
  57  4:31  Medivac  
  60  4:33  Supply Depot  
  60  4:34  Medivac  
  60  4:35  SCV  
  60  4:36  SCV, Marine  
  60  4:37  Marine  
  66  4:47  SCV  
  66  4:48  Bunker x2  
  66  4:49  Marauder  
  66  4:50  SCV  
  70  4:55  Hellion x2  
  70  4:58  Supply Depot  
  70  4:59  SCV  
  75  5:02  SCV  
  75  5:05  Marine  
  75  5:10  Marine  
  75  5:11  SCV  
  75  5:14  SCV, Marine  
  72  5:17  Liberator  
  74  5:22  Supply Depot, Marine  
  74  5:23  SCV  
  74  5:26  SCV  
  74  5:28  Marine  
  77  5:31  Marine  
  73  5:35  SCV  
  73  5:38  SCV, Barracks  
  73  5:42  Engineering Bay, Factory Tech Lab  
  75  5:48  Supply Depot  
  75  5:49  Supply Depot  
  74  5:56  Marine x2  
  70  5:57  SCV  
  70  5:58  Marine  
  70  6:00  SCV  
  65  6:06  Siege Tank  
  65  6:10  SCV  
  67  6:14  Marine x2  
  67  6:15  Terran Infantry Weapons Level 1  
  67  6:17  Refinery x2  
  69  6:18  Medivac  
  69  6:21  Command Center  
  68  6:26  Marine  
  68  6:30  Marine  
  68  6:32  Marine  
  68  6:34  Marine  
  63  6:42  Siege Tank  
  63  6:44  Marine  
  53  6:48  Marine  
  53  6:50  Marine  
  53  6:52  Marine  
  53  6:53  Combat Shield  
  53  7:02  Marine  
  53  7:06  Marine  
  53  7:08  Marine  
  54  7:10  Marine  
  54  7:12  SCV x2  
  58  7:24  SCV x2, Marine  
  58  7:26  Marine  
  58  7:28  Marine  
  63  7:34  Orbital Command  
  63  7:35  Starport Reactor  
  63  7:36  SCV x2  
  64  7:42  Marine x3  
  67  7:46  Marine  
  67  7:47  Marine  
  67  7:48  SCV  
  67  7:49  SCV, Engineering Bay  
  67  7:50  Supply Depot  
  71  7:52  Siege Tank  
  74  8:00  Marine x2  
  74  8:01  SCV x2, Marine  
  79  8:06  SCV  
  79  8:08  Marine  
  79  8:09  Marine  
  82  8:13  SCV x2  
  82  8:17  Terran Infantry Weapons Level 2  
  82  8:18  SCV, Marine, Terran Infantry Armor Level 1  
  86  8:22  Marine  
  86  8:23  Marine  
  86  8:25  SCV x2  
  90  8:28  Medivac  
  90  8:30  Orbital Command  
  92  8:37  Medivac, Siege Tank  
  92  8:38  Supply Depot  
  98  8:41  SCV  
  98  8:42  Marine  
  98  8:43  Marine x2  
  101  8:55  Supply Depot  
  101  8:59  SCV x2, Marine x2  
  104  9:10  Supply Depot, Marine x3  
  104  9:12  SCV  
  104  9:17  Medivac x2  
  112  9:19  SCV  
  112  9:22  Marine x2  
  112  9:23  Supply Depot  
  112  9:24  Supply Depot  
  115  9:25  SCV  
  116  9:32  Siege Tank  
  118  9:38  Barracks  
  118  9:42  Barracks  
  112  9:47  Marine  
  104  10:01  Marine  
  104  10:02  SCV x3  
  104  10:04  Marine, Siege Tank  
  96  10:07  Marine  
  96  10:09  Marine  
  95  10:14  SCV x2, Marine  
  95  10:15  SCV  
  95  10:19  Marine  
  104  10:24  Marine  
  104  10:26  SCV x2  
Tags
 
Add a new tag
Caveats
  • Supply blocks, unpowered buildings, or Contaminate may cause inaccurate times.
  • Supply counts are checked every 10 seconds.